 Dungeon Crawl Stone Soup version 0.23-a0-395-gcf17ac6c65 (webtiles) character file.

50 Notair the Chopper (level 3, 0/31 HPs)
             Began as a Minotaur Gladiator on Nov 2, 2018.
             Succumbed to a kobold's poison
             ... on level 2 of the Dungeon.
             The game lasted 00:02:52 (1225 turns).

Notair the Chopper (Minotaur Gladiator)             Turns: 1225, Time: 00:02:52

Health: 0/31       AC:  7    Str: 19    XL:     3   Next: 55%
Magic:  1/1        EV: 11    Int:  5    God:
Gold:   38         SH:  0    Dex: 13    Spells: 2/2 levels left

rFire    . . .     SeeInvis .   a - +0 war axe
rCold    . . .     Gourm    .   (no shield)
rNeg     . . .     Faith    .   j - +0 scale mail
rPois    .         Spirit   .   c - +0 hat
rElec    .         Reflect  .   (no cloak)
rCorr    .         Harm     .   (no gloves)
MR       .....                  (no boots)
Stlth    ..........             (no amulet)
HPRegen  0.10/turn              (no ring)
MPRegen  0.07/turn              (no ring)

@: lethally poisoned (0 -> -7)
A: retaliatory headbutt, horns 2, rugged brown scales 1, agile 1, low mp 1, no
potion heal 1
a: no special abilities


You were on level 2 of the Dungeon.
You were hungry.

You visited 1 branch of the dungeon, and saw 2 of its levels.

You collected 38 gold pieces.

Inventory:

Hand Weapons
 a - a +0 war axe (weapon)
Missiles
 d - 3 throwing nets (quivered)
Armour
 b - a +0 leather armour
 c - a +0 hat (worn)
 j - a +0 scale mail (worn)
Jewellery
 l - a +4 ring of intelligence {unknown}
Scrolls
 e - a scroll of enchant weapon {unknown}
 g - 2 scrolls of teleportation {unknown}
 h - a scroll of identify {unknown}
 k - a scroll of remove curse {unknown}
Potions
 i - a potion of mutation
Comestibles
 f - 4 rations


   Skills:
 + Level 3.3 Fighting
 * Level 5.0 Axes
 - Level 2.0 Throwing
 - Level 3.2 Dodging


You had 2 spell levels left.
You didn't know any spells.
Your spell library was empty.

Dungeon Overview and Level Annotations

Branches:
Dungeon (2/15)

Altars:


Innate Abilities, Weirdness & Mutations

You reflexively headbutt those who attack you in melee.
You have a pair of horns on your head.
You are partially covered in rugged brown scales. (AC +1, +3% HP)
You are agile. (Dex +2)
Your magical capacity is low. (-10% MP)
Potions are less effective at restoring your health.


Message History

You feel sick.
* * * LOW HITPOINT WARNING * * *
You feel sick.
* * * LOW HITPOINT WARNING * * *
You feel sick.
* * * LOW HITPOINT WARNING * * *
You feel sick.
* * * LOW HITPOINT WARNING * * *
You feel sick.
* * * LOW HITPOINT WARNING * * *
You feel sick.
* * * LOW HITPOINT WARNING * * *
You feel sick.
* * * LOW HITPOINT WARNING * * *
You feel sick.
* * * LOW HITPOINT WARNING * * *
You feel sick.
* * * LOW HITPOINT WARNING * * *
You feel sick.
You die...

######
#.# #.#
#.# #.#
#.# #.#
#.#
#######.#
.......@#
#######.#
###


There were no monsters in sight!

Vanquished Creatures
  3 dart slugs (D:1)
  A leopard gecko (D:1)
  7 goblins
  10 hobgoblins
  3 jackals (D:2)
  6 kobolds
  2 ball pythons
  2 bats
  2 frilled lizards (D:1)
  A rat (D:1)
37 creatures vanquished.

Notes
Turn   | Place    | Note
-------+----------+-------------------------------------------
     0 | D:1      | Notair the Minotaur Gladiator began the quest for the Orb.
     0 | D:1      | Reached XP level 1. HP: 18/18 MP: 0/0
    66 | D:1      | Reached skill level 4 in Axes
   137 | D:1      | Reached XP level 2. HP: 19/25 MP: 1/1
   759 | D:1      | Reached XP level 3. HP: 31/31 MP: 2/2
  1035 | D:2      | Reached skill level 5 in Axes
  1209 | D:2      | Gained mutation: Potions are less effective at restoring
                  | your health. [potion of mutation]
  1209 | D:2      | Gained mutation: You are partially covered in rugged brown
                  | scales. (AC +1, +3% HP) [potion of mutation]
  1209 | D:2      | Gained mutation: Your magical capacity is low. (-10% MP)
                  | [potion of mutation]
  1209 | D:2      | Gained mutation: You are agile. (Dex +2) [potion of
                  | mutation]
  1224 | D:2      | HP: 1/31 [poisoned by a kobold]
  1225 | D:2      | Succumbed to a kobold's poison

Vault maps used:
D:1:      psy_arrival_dodecagon, solitary_fountain
D:2:      first_ration, kennysheep_flooded_box

Skill      XL: |  1  2  3 |
---------------+----------+-----
Axes           | 4 5 |  5.0
Fighting       | 3 |  3.3
Throwing       | |  2.0
Dodging        | |  3.2

Action                   || total
-------------------------++-------
Melee: War axe           ||    67
       Headbutt          ||    12
  Use: Potion            ||     1
Armor: Leather armour    ||     4
       Scale mail        ||    13
Dodge: Dodged            ||    46

Table legend:
 A = Non-vault XP
 B = Vault XP
 C = Vault XP percentage of total XP
 D = Non-vault monster count
 E = Vault monster count
 F = Vault count percentage of total count
                 A         B        C        D         E       F
            +---------+---------+-------+---------+---------+-------
      Total |      72 |       0 |   0.0 |      37 |       0 |   0.0
            +---------+---------+-------+---------+---------+-------
        D:1 |      42 |       0 |   0.0 |      21 |       0 |   0.0
        D:2 |      30 |       0 |   0.0 |      16 |       0 |   0.0
            +---------+---------+-------+---------+---------+-------
